 Dungeon Crawl Stone Soup version 0.29-a0-187-ga23d9638d5 (webtiles) character file.

Game seed: 5579653153541066689

3752 Zeldest the Skirmisher (level 9, -8/74 HPs)
             Began as a Mummy Summoner on Feb 21, 2022.
             Was a Follower of Fedhas.
             Killed from afar by a centaur (40 damage)
             ... with a bolt of acid
             ... on level 8 of the Dungeon.
             The game lasted 00:29:15 (9783 turns).

Zeldest the Skirmisher (Mummy Summoner)             Turns: 9783, Time: 00:29:16

Health: -8/74      AC:  6    Str: 11    XL:     9   Next: 93%
Magic:  8/13       EV: 10    Int: 19    God:    Fedhas [*.....]
Gold:   504        SH:  5    Dex: 12    Spells: 7/13 levels left

rFire   x . .      SeeInvis .   w - +4 spear
rCold   + + .      Faith    .   (no shield)
rNeg    + + +      Spirit   .   e - quicksilver dragon scales
rPois   ∞          Reflect  +   (no helmet)
rElec   .          Harm     .   (no cloak)
rCorr   .          Rampage  .   (no gloves)
Will    +++..                   d - +0 pair of boots
Stlth   +.........              n - amulet of reflection
HPRegen 0.22/turn               f - ring of protection from cold
MPRegen 0.13/turn               u - ring of willpower

@: corroded, very slightly contaminated
A: cold resistance 1, negative energy resistance 3, torment resistance 2, heat
vulnerability 1, no potions
a: Renounce Religion


You were on level 8 of the Dungeon.
You worshipped Fedhas.
Fedhas was aware of your devotion.
You visited 2 branches of the dungeon, and saw 9 of its levels.

You collected 504 gold pieces.

Inventory:

Hand Weapons
 c - a +0 dagger
 k - a +0 trident
 w - a +4 spear (weapon)
Armour
 a - a +0 robe
 d - a +0 pair of boots (worn)
 e - quicksilver dragon scales (worn)
 s - +0 acid dragon scales
 v - a +0 buckler
Jewellery
 f - a ring of protection from cold (left hand)
 n - an amulet of reflection (around neck)
 r - a +6 ring of dexterity
 u - a ring of willpower (right hand)
Wands
 q - a wand of flame (32)
Scrolls
 b - 4 scrolls of amnesia
 g - 2 scrolls of holy word
 h - 4 scrolls of teleportation
 i - a scroll of noise {unknown}
 j - 4 scrolls of fear
 l - 3 scrolls of enchant armour
 m - a scroll of immolation {unknown}
 o - a scroll of vulnerability {unknown}
 p - 3 scrolls of blinking
 t - a scroll of enchant weapon {unknown}


   Skills:
 + Level 7.8 Fighting
 + Level 6.3(6.4) Polearms
 - Level 1.0(4.0) Staves
 - Level 1.6 Dodging
 - Level 1.6 Stealth
 + Level 0.1 Shields
 - Level 2.7 Spellcasting
 + Level 7.1 Summonings
 - Level 2.4 Necromancy
 + Level 3.3 Invocations


You had 7 spell levels left.
You knew the following spells:

 Your Spells              Type           Power      Damage    Failure   Level
a - Call Imp              Summ           29%        N/A       3%          2
b - Summon Small Mammal   Summ           100%       N/A       1%          1
c - Call Canine Familiar  Summ           29%        N/A       6%          3

Your spell library contained the following spells:

 Spells                   Type           Power      Damage    Failure   Level
 Summon Guardian Golem    Hex/Summ       16%        N/A       26%         3
 Shock                    Conj/Air       8%         1d3       36%         1
 Sting                    Tmut/Pois      8%         1d3       36%         1
 Poisonous Vapours        Pois/Air       4%         N/A       50%         2
 Summon Lightning Spire   Summ/Air       16%        N/A       65%         4
 Swiftness                Air            2%         N/A       75%         3
 Airstrike                Air            1%         N/A       98%         4
 Hailstorm                Conj/Ice       2%         3d3       98%         4
 Olgreb's Toxic Radiance  Pois           2%         N/A       98%         4
 Simulacrum               Ice/Necr       3%         N/A       100%        6
 Ice Form                 Ice/Tmut       Unusable   N/A       N/A         4

Dungeon Overview and Level Annotations

Branches:
Dungeon (8/15)             Temple (1/1) D:6
   Lair: D:8-11

Altars:
Ashenzari
Cheibriados
Dithmenos
Elyvilon
Fedhas
Gozag
Hepliaklqana
Kikubaaqudgha
Makhleb
Nemelex Xobeh
Okawaru
Qazlal
Ru
Sif Muna
Trog
Uskayaw
Wu Jian
Xom
Yredelemnul
Zin
The Shining One

Shops:
D:6 =   D:7 (:(*


Innate Abilities, Weirdness & Mutations

You are immune to poison.
Your flesh is cold resistant. (rC+)
You are immune to negative energy. (rN+++)
You are immune to unholy pain and torment.
You are vulnerable to heat. (rF-)
You do not drink.


Message History

Aim: a wight, wielding a +5 scimitar and wearing a +0 robe (almost destroyed, ally target, about 37% to evade your +0 trident)
You reach to attack!
You hit the wight.
The wight is almost destroyed.
Your hound bites the wight.
The wight is destroyed!
Fedhas accepts your kill.
Reach: k) +0 trident
Press: ? - help, Dir - move target, f - you
Okay, then.
You swap places.
Items here: )) [[.
w - a +4 spear (weapon)
You start resting.
Your shadow imp disappears in a puff of smoke!
Your hound disappears in a puff of smoke!
Magic restored.
You start resting.
A centaur comes into view.
It is wielding a +0 spear and carrying a wand of acid (10).
The centaur moves out of view.
You start resting.
A centaur is nearby!
The centaur shouts!
The centaur hits you but does no damage.
The centaur barely misses you.
The centaur hits you but does no damage.
The centaur kicks you but does no damage.
The centaur zaps a wand.
The bolt of acid misses you.
Casting: Call Canine Familiar (dangerous; 6% risk of failure)
Confirm with . or Enter, or press ? or * to list all spells.
A beastly little devil appears in a puff of flame.
The centaur zaps a wand.
The bolt of acid misses you.
Casting: Call Imp (safe; 3% risk of failure)
Confirm with . or Enter, or press ? or * to list all spells.
You miscast Call Canine Familiar.
You are very lightly contaminated with residual magic.
Nothing appears to happen.
The centaur zaps a wand.
The bolt of acid hits you!! The acid corrodes you!
The centaur zaps a wand.
The bolt of acid hits you!!!
Ouch! That really hurt!
You die...
Fedhas appreciates your contribution to the ecosystem.

######
#.#.# #...#
....##
##..#
...... #..#
......
#.>##......
##.#.......
#)#.......
#.#.5.....
#c@.......
###.....##
.......
####.## .#
#


You could see a centaur (ally target) and a friendly crimson imp (summoned).

Vanquished Creatures
  Grinder (D:3)
  Prince Ribbit (D:8)
  A wraith (D:6)
  A steam dragon (D:7)
  A black bear (D:5)
  2 orc warriors
  A necrophage (D:4)
  An ogre (D:5)
  2 scorpions
  2 wights (D:6)
  A howler monkey (D:5)
  An electric eel (D:7)
  A bullfrog zombie (D:6)
  3 centaur zombies
  2 hounds
  A gnoll shaman (D:7)
  3 orc priests
  A bullfrog skeleton (D:6)
  6 orc wizards
  4 iguanas
  5 gnolls
  3 adders
  3 shadow imps
  A nameless horror (D:3)
  An adder skeleton (D:4)
  2 worms
  2 dart slugs (D:2)
  11 orcs
  4 bats
  2 endoplasms
  A giant cockroach (D:3)
  17 goblins
  23 hobgoblins
  5 jackals
  2 quokkas
  7 ball pythons
  5 kobolds
  4 rats
134 creatures vanquished.

Vanquished Creatures (collateral kills)
  A yak (D:4)
  An acid dragon (D:6)
  A black bear (D:7)
  A centaur (D:8)
  A scorpion (D:4)
  3 wights
  2 centaur zombies
  2 hounds
  A bullfrog skeleton (D:7)
  A bullfrog zombie (D:3)
  An orc priest (D:6)
  2 iguanas
  Ijyb (D:5)
  7 orc wizards
  6 gnolls
  2 adders
  11 orcs
  6 endoplasms
  12 goblins
  13 hobgoblins
  5 jackals
  4 kobolds
  A quokka (D:1)
  A ball python (D:1)
  2 bats (D:1)
  A frilled lizard (D:1)
  A rat (D:1)
90 creatures vanquished.

Vanquished Creatures (others)
  An orc wizard (D:8)
  7 plants (D:7)
8 creatures vanquished.

Grand Total: 232 creatures vanquished

Notes
Turn   | Place    | Note
-------+----------+-------------------------------------------
     0 | D:1      | Zeldest the Mummy Summoner began the quest for the Orb.
     0 | D:1      | Reached XP level 1. HP: 13/13 MP: 4/4
   142 | D:1      | Found a faded altar of an unknown god.
   279 | D:1      | Reached XP level 2. HP: 5/20 MP: 2/5
   565 | D:1      | Reached skill level 1 in Fighting
   653 | D:1      | Learned a level 2 spell: Call Imp
   751 | D:1      | Reached skill level 1 in Staves
   944 | D:1      | Reached XP level 3. HP: 21/26 MP: 4/7
  1726 | D:3      | Reached XP level 4. HP: 33/33 MP: 8/8
  1746 | D:3      | Reached skill level 1 in Polearms
  1891 | D:3      | Found a broken altar of Ashenzari.
  1903 | D:3      | Noticed Grinder
  1905 | D:3      | Paralysed by Grinder for 4 turns
  1917 | D:3      | Found a basalt altar of Yredelemnul.
  2116 | D:3      | Learned a level 3 spell: Call Canine Familiar
  2450 | D:3      | Reached XP level 5. HP: 37/39 MP: 7/9
  3324 | D:3      | Reached XP level 6. HP: 32/47 MP: 8/10
  3654 | D:3      | Killed Grinder
  3893 | D:4      | Reached XP level 7. HP: 45/54 MP: 3/11
  3898 | D:4      | Reached skill level 5 in Summonings
  4502 | D:5      | Entered Level 5 of the Dungeon
  4994 | D:5      | Reached skill level 5 in Fighting
  5101 | D:5      | Reached XP level 8. HP: 62/62 MP: 3/12
  5175 | D:5      | Noticed Ijyb
  5207 | D:5      | Killed Ijyb
  6046 | D:6      | Reached skill level 5 in Polearms
  6064 | D:6      | Found Fiuwog's Jewellery Emporium.
  6390 | D:6      | Reached XP level 9. HP: 63/71 MP: 8/13
  6737 | D:6      | Found a staircase to the Ecumenical Temple.
  6743 | Temple   | Entered the Ecumenical Temple
  6822 | Temple   | Became a worshipper of Fedhas Madash
  7373 | D:6      | Found an iron altar of Okawaru.
  7487 | D:6      | Reached skill level 1 in Invocations
  7651 | D:6      | Noticed a six-headed hydra
  8063 | D:7      | Found a snail-covered altar of Cheibriados.
  8515 | D:7      | Found Pigol's Book Shoppe.
  8517 | D:7      | Found Moacuil's Weapon Emporium.
  8519 | D:7      | Found Cyongeet's General Store.
  8628 | D:7      | Reached skill level 1 in Necromancy
  8989 | D:7      | Found Zuoshria's Weapon Shoppe.
  9051 | D:7      | Reached * piety under Fedhas
  9268 | D:8      | Noticed Prince Ribbit
  9316 | D:8      | Killed Prince Ribbit
  9783 | D:8      | Killed from afar by a centaur

Illustrated notes

Levels and vault maps discovered:
D:1:      lemuel_arrival_lava_pool, layout_rooms,
          hellmonk_ecumenical_altar_slurped_away, minmay_pentomino_z4
D:2:      layout_loops_ring
D:3:      minmay_goblin_kobold_castle, layout_basic,
          mainiacjoe_overflow_chevrons, grunt_temple_overflow_open,
          hangedman_decor_peaks_small, uniq_grinder
D:4:      layout_basic, lemuel_round_altar
D:5:      layout_basic, uniq_ijyb
D:6:      layout_loops_cross, mainiacjoe_overflow_surrounded_room,
          minmay_temple_entry_ruins, serial_shops, nicolae_inconvenience_store,
          minmay_misc_feat_cross, minivault_1, kb_rosetta
D:7:      layout_basic, amcnicky_altar_gilded, serial_shops,
          nicolae_stop_n_shop_2, serial_bayou_pond_a, nicolae_wooded_promenade,
          palyth_stone_intersect
D:8:      layout_basic, uniq_prince_ribbit1
Temple:   regret_index_temple_waves

Skill      XL: |  1  2  3  4  5  6  7  8  9 |
---------------+----------------------------+-----
Fighting       | 1 2 3 4 5 6 7 |  7.8
Staves         | 1 |  1.0
Polearms       | 1 2 3 4 5 6 |  6.3
Summonings     | 4 5 6 7 |  7.1
Invocations    | 3 |  3.3
Necromancy     | 2 |  2.4
Dodging        | |  1.6
Stealth        | |  1.6
Shields        | |  0.1
Spellcasting   | |  2.7

Action                   |  1- 3 |  4- 6 |  7- 9 || total
-------------------------+-------+-------+-------++-------
Melee: Unarmed           |    14 |       |       ||    14
       Dagger            |    80 |       |       ||    80
       Trident           |    19 |   222 |   442 ||   683
       Punch             |       |     2 |     8 ||    10
 Cast: Summon Small Mamm |    25 |     4 |     1 ||    30
       Call Imp          |     8 |    22 |    56 ||    86
       Call Canine Famil |       |     8 |    44 ||    52
Evoke: Wand              |       |       |     9 ||     9
  Use: Scroll            |       |     4 |     4 ||     8
 Stab: Sleeping          |     1 |       |     1 ||     2
       Distracted        |       |     2 |     6 ||     8
       Paralysed         |       |       |    12 ||    12
Armor: Robe              |    14 |       |       ||    14
       Quicksilver drago |    44 |   118 |   219 ||   381
Dodge: Dodged            |   107 |   127 |   217 ||   451
Block: Other             |       |       |     4 ||     4

Table legend: (Time is in decaauts)
 A = Elapsed time spent in this place.
 B = Non-inter-level travel time spent in this place.
 C = Inter-level travel time spent in this place.
 D = Time resting spent in this place.
 E = Time spent auto-exploring this place.
 F = Levels seen in this place.
 G = Mean time per level.
                   A        B        C        D        E       F      G
               +--------+--------+--------+--------+--------+-----+--------+
         Total |   9895 |   9606 |    289 |   3577 |   3073 |   9 | 1099.4 |
       Dungeon |   9786 |   9524 |    262 |   3577 |   3073 |   8 | 1223.2 |
        Temple |    109 |     83 |     26 |      0 |      0 |   1 |  109.0 |
               +--------+--------+--------+--------+--------+-----+--------+

Top non-repeatable levels by time:
     D:3: 2129 daAuts
     D:6: 1599 daAuts
     D:5: 1362 daAuts
     D:4: 1166 daAuts
     D:7: 1121 daAuts
     D:1: 999 daAuts
     D:2: 773 daAuts
     D:8: 634 daAuts
  Temple: 109 daAuts
